 Dungeon Crawl Stone Soup version 0.19-a0-1732-g0b18a7b (webtiles) character file.

295 4thArraOfDagon the Slasher (level 6, -8/49 HPs)
             Began as a Vampire Monk on Sept 30, 2016.
             Was a Believer of Cheibriados.
             Mangled by an ogre
             ... wielding a +0 giant club
              (27 damage)
             ... on level 5 of the Dungeon.
             The game lasted 00:07:36 (1605 turns).

4thArraOfDagon the Slasher (Vampire Monk)           Turns: 1605, Time: 00:07:36

Health: -8/49      AC:  2    Str: 14    XL:     6   Next: 11%
Magic:  6/6        EV: 14    Int: 16    God:    Cheibriados [**....]
Gold:   180        SH:  0    Dex: 23    Spells: 0 memorised, 5 levels left

rFire  . . .     SeeInvis +     a - +1 falchion
rCold  . . .     Gourm    .     b - +0 robe
rNeg   . . .     Faith    .     (no shield)
rPois  .         Spirit   .     (no helmet)
rElec  .         Dismiss  .     (no cloak)
rCorr  .         Reflect  .     (no gloves)
MR     .....     Harm     .     (no boots)
Stlth  +++.......               d - amulet of regeneration
                                (no ring)
                                (no ring)

@: regenerating quickly, very slow
A: fangs 3, see invisible, unbreathing
a: Bend Time, Renounce Religion


You were on level 5 of the Dungeon.
You worshipped Cheibriados.
Cheibriados was pleased with you.
You were very full.

You visited 2 branches of the dungeon, and saw 9 of its levels.

You collected 180 gold pieces.

Inventory:

Hand Weapons
 a - a +1 falchion (weapon)
Missiles
 p - 5 curare-tipped needles
Armour
 b - a +0 robe (worn)
Jewellery
 d - an amulet of regeneration (around neck)
Scrolls
 i - a scroll of noise
 m - a scroll of teleportation
Potions
 c - a potion of beneficial mutation {unknown}
 e - a potion of haste {unknown}
 f - a potion of flight {unknown}
 g - a potion of blood
 h - 3 potions of heal wounds
 j - a potion of might {unknown}
 k - 3 potions of curing
 l - a potion of lignification {unknown}
 o - 2 potions of berserk rage {unknown}


   Skills:
 + Level 4.3 Fighting
 * Level 5.7 Long Blades
 - Level 3.2 Dodging
 - Level 3.0 Stealth


You had 5 spell levels left.
You didn't know any spells.

Dungeon Overview and Level Annotations

Branches:
Dungeon (8/15)             Temple (1/1) D:4
   Lair: D:8-11

Altars:
Cheibriados
Dithmenos
Elyvilon
Fedhas
Gozag
Kikubaaqudgha
Nemelex Xobeh
Qazlal
Sif Muna
Trog
Uskayaw
Xom
Zin
The Shining One

Shops:
D:5 }

Annotations:
D:2 Natasha
D:3 Grinder
D:4 Sigmund


Innate Abilities, Weirdness & Mutations

Your natural rate of healing is unusually fast.
You have razor-sharp teeth.
You have supernaturally acute eyesight. (SInv)
You can survive without breathing.


Message History

Unknown command.
Unknown command.
You catch the helpless ogre completely off-guard!
You hit the ogre.
The ogre is lightly wounded.
The ogre hits you with a giant club.
You hit the ogre. Your bite misses the ogre.
The ogre is lightly wounded.
The ogre hits you with a giant club!!
Ouch! That really hurt!
You hit the ogre.
The ogre is lightly wounded.
You slash the ogre! You bite the ogre.
The ogre is severely wounded.
The ogre closely misses you.
You hit the ogre. You bite the ogre.
The ogre is severely wounded.
The ogre hits you with a giant club!!
Ouch! That really hurt!
You die...

#..# #.Z.#.#
#..#######... #.##
###.#.# #..## #..
#.# #...###.# ..
#.# ##.###[.# #.#
#.##..## #.#
#.#..## ##.#
##...## #..#
#...#.# #.##
#...@.# #.# #...O.#
#.# #...#.#
#.#########...#..#
##
#......%....####...
#. ####........#
#### ##.
#.∩........# #..
#.......<..#
##########..
#.......####
#.......##..


You could see an ogre.

Vanquished Creatures
  3 bullfrogs
  A howler monkey (D:4)
  An iguana (D:4)
  An adder (D:3)
  An ooze (D:1)
  An adder skeleton (D:5)
  3 dart slugs
  A leopard gecko (D:2)
  5 orcs
  A giant cockroach (D:3)
  A hobgoblin (D:1)
  A quokka (D:4)
  A ball python (D:1)
  2 kobolds (D:1)
23 creatures vanquished.

Notes
Turn   | Place    | Note
-------+----------+-------------------------------------------
     0 | D:1      | 4thArraOfDagon the Vampire Monk began the quest for the Orb.
     0 | D:1      | Reached XP level 1. HP: 17/17 MP: 1/1
    97 | D:1      | Reached XP level 2. HP: 8/24 MP: 2/2
   306 | D:3      | Noticed Grinder
   356 | D:2      | Noticed Natasha
   399 | D:2      | Reached XP level 3. HP: 29/29 MP: 3/3
   549 | D:5      | Entered Level 5 of the Dungeon
   550 | D:5      | Found a blossoming altar of Fedhas.
   582 | D:5      | Found a glowing golden altar of the Shining One.
   582 | D:5      | Found a bloodstained altar of Trog.
   614 | D:5      | Found Joluk's Gadget Shop.
   717 | D:5      | Noticed an ogre
   751 | D:6      | Noticed a bullfrog
   789 | D:6      | Noticed a wyvern
   909 | D:6      | Found an opulent altar of Gozag.
   922 | D:6      | Killed a bullfrog
   922 | D:6      | Reached skill level 4 in Long Blades
   922 | D:6      | Reached XP level 4. HP: 29/37 MP: 4/4
  1072 | D:7      | Noticed a bullfrog
  1081 | D:7      | Killed a bullfrog
  1081 | D:7      | Reached skill level 5 in Long Blades
  1081 | D:7      | Reached XP level 5. HP: 42/42 MP: 5/5
  1101 | D:7      | Noticed a brown ugly thing
  1433 | D:4      | Found a staircase to the Ecumenical Temple.
  1438 | Temple   | Entered the Ecumenical Temple
  1454 | Temple   | WY
  1463 | Temple   | Became a worshipper of Cheibriados the Contemplative
  1463 | Temple   | Reached * piety under Cheibriados
  1463 | Temple   | Reached ** piety under Cheibriados
  1518 | D:4      | Reached XP level 6. HP: 40/49 MP: 3/6
  1530 | D:4      | Noticed Sigmund
  1605 | D:5      | Mangled by an ogre

Vault maps used:
D:1:      ncdulo_lavacross
D:2:      lemuel_coloured_pillars_altar, old_standard_altar, uniq_natasha
D:3:      uniq_terence, uniq_grinder
D:4:      gammafunk_temple_overflow_elements, first_bread, uniq_sigmund
D:5:      grunt_temple_overflow_open, makhleb_heckhound_becter,
          vehumet_altar_wand_db, serial_shops, shop, lemuel_old_faithful
D:6:      st_stairs_5, nicolae_gozag_cash_rules_everything_around_me
D:7:      gammafunk_temple_overflow_wave, lemuel_centaur_altar
D:8:      grunt_lair_entry_orc_guard_hut, uniq_maurice
Temple:   eino_temple_lava

Skill      XL: |  1  2  3  4  5 |
---------------+----------------+-----
Fighting       | 3 4 |  4.3
Long Blades    | 4 5 |  5.7
Dodging        | |  3.2
Stealth        | |  3.0

Action                   |  1- 3 |  4- 6 || total
-------------------------+-------+-------++-------
Melee: Falchion          |    53 |    52 ||   105
       Bite              |     8 |     8 ||    16
Invok: Bend Time         |       |     1 ||     1
 Abil: End Transformatio |     2 |     2 ||     4
       Bat Form          |     2 |     2 ||     4
  Use: Potion            |     1 |     4 ||     5
       Scroll            |     8 |     1 ||     9
 Stab: Sleeping          |     9 |     3 ||    12
       Distracted        |       |     1 ||     1
  Eat: Corpse            |     1 |     2 ||     3
Armor: Robe              |     2 |     3 ||     5
Dodge: Dodged            |    30 |    40 ||    70
